AoeStats
← Stanko2026

Arena

510328979Analyzed
1v1 RM · 1d ago on Sep 30, 2026· 55m 51s· 2 players
Game mode
Random Map
Map size
Tiny (2 player)
Population
200
Speed
Normal
Resources
Standard
Victory
Conquest
Starting age
Dark Age
Ending age
Imperial Age
RankedLock teamsTeams togetherTeam positionsShared explorationLock speedFull tech treeHidden civsTurbo modeCheats
Victory
Defeat
🇳🇱 Turks · Netherlands
802
+15
🇩🇪 Teutons · Germany
779
-15
Stanko2026
0:27 Loom
11:33 Feudal Age
12:07 Double-Bit Axe
12:16 Horse Collar
13:32 Gold Mining
22:39 Castle Age
22:12 Stone Mining
26:39 Heavy Plow
26:53 Bow Saw
27:22 Stone Shaft Mining
27:04 Fletching
27:15 Padded Archer Armor
27:17 Scale Mail Armor
28:43 Elite Skirmisher
32:37 Bodkin Arrow
35:46 Pikeman
36:27 Squires
36:46 Bloodlines
40:25 Imperial Age
44:48 Imperial Age
47:48 Chemistry
aiko
11:11 Feudal Age
11:40 Double-Bit Axe
11:36 Horse Collar
19:15 Castle Age
17:59 Stone Mining
18:02 Gold Mining
18:00 Loom
18:37 Padded Archer Armor
18:47 Scale Mail Armor
19:34 Forging
21:28 Bow Saw
21:22 Heavy Plow
24:59 Gold Shaft Mining
25:02 Wheelbarrow
25:47 Leather Archer Armor
29:39 Fletching
30:26 Iron Casting
30:46 Hand Cart
34:02 Imperial Age
31:50 Hand Cart
32:29 Scale Barding Armor
32:40 Chain Mail Armor
32:16 Fletching
33:01 Iron Casting
33:06 Murder Holes
33:23 Masonry
33:35 Ballistics
34:19 Fortified Wall
34:07 Treadmill Crane
34:47 Chain Barding Armor
35:02 Iron Casting
34:43 Squires
35:51 Husbandry
36:02 Bloodlines
37:09 Hoardings
36:38 Artillery
37:15 Hoardings
37:05 Conscription
36:48 Town Watch
37:34 Bodkin Arrow
38:14 Architecture
37:43 Arrowslits
38:38 Ring Archer Armor
38:40 Plate Mail Armor
40:29 Hoardings
41:22 Two-Man Saw
46:46 Town Patrol
49:52 Plate Barding Armor
50:18 Blast Furnace
49:19 Bracer
54:59 Bombard Tower
54:30 Guard Tower
Connection lost

Rejoining the realm…

Still unreachable

The connection could not be restored.

Session expired

The server has moved on; the page needs a fresh start.